 Dungeon Crawl Stone Soup version 0.31.0-12-g77e489cdc1 (webtiles) character file.

Game seed: 12682573187281261392

11 RancidPinata the Sneak (level 2, 0/21 HPs)
             Began as an Octopode Delver on Feb 19, 2024.
             Was an Initiate of Ru.
             Killed from afar by a white imp (10 damage)
             ... with a puff of frost
             ... on level 5 of the Dungeon.
             The game lasted 00:01:32 (285 turns).

RancidPinata the Sneak (Octopode Delver)             Turns: 285, Time: 00:01:34

Health: 0/21       AC:  1    Str: 11    XL:     2   Next: 25%
Magic:  2/2        EV: 13    Int: 12    God:    Ru [......]
Gold:   15         SH:  0    Dex: 13    Spells: 1/1 levels left

rFire   . . .        a - +0 short sword
rCold   . . .        (no shield)
rNeg    . . .        (helmet restricted)
rPois   .            (no amulet)
rElec   .            (no ring)
rCorr   .            (no ring)
SInv    .            (no ring)
Will    .....        (no ring)
Stlth   ++++         (no ring)
HPRegen 0.23/turn    (no ring)
MPRegen 0.08/turn    (no ring)
                     (no ring)

%: no passive effects
@: no status effects
A: almost no armour, amphibious, 8 rings, camouflage 1, gelatinous body 1,
(nimble swimmer 1), tentacles
a: Renounce Religion


You were on level 5 of the Dungeon.
You worshipped Ru.
Ru was noncommittal.
You visited 2 branches of the dungeon, and saw 3 of its levels.

You collected 15 gold pieces.

Inventory:

Hand Weapons
 a - a +0 short sword (weapon)
Wands
 f - a wand of digging (3)
Scrolls
 b - a scroll of fog
 c - a scroll of revelation
 d - a scroll of fear
 g - a scroll of blinking {unknown}
 h - a scroll of identify {unknown}
Potions
 e - a potion of haste


   Skills:
 * Level 3.2 Fighting
 + Level 2.1 Short Blades
 * Level 2.2 Dodging
 * Level 6.8 Stealth


You had one spell level left.
You didn't know any spells.
Your spell library was empty.

Dungeon Overview and Level Annotations

Branches:
Dungeon (6/15)             Temple (1/1) D:5

Altars:
Ashenzari
Elyvilon
Fedhas
Gozag
Makhleb
Nemelex Xobeh
Okawaru
Qazlal
Ru
Sif Muna
Trog
Uskayaw
Xom
Zin
The Shining One


Innate Abilities, Weirdness & Mutations

You cannot wear most types of armour.
You are amphibious.
You can wear up to eight rings at the same time.
Your skin changes colour to match your surroundings (Stealth+).
Your rubbery body absorbs attacks. (AC +1, EV +1)
((You are camouflaged when in or above water. (Stealth+)))
You have tentacles for arms and can constrict up to eight enemies at once.


Message History

HP restored.
Done exploring.
As you open the door, it creaks loudly!
There is an open door here.
You open the door. You open the door. You open the door.
As you open the door, it creaks loudly!
There is a sacrificial altar of Ru here.
You curl up in front of the altar of Ru.
Ru welcomes you!
Done exploring.
There is an open door here.
There is an open door here.
There is a staircase back to the Dungeon here.
You climb upwards.
There is a staircase to the Ecumenical Temple here.
Found a club.
An orc comes into view. It is wielding a +0 war axe.
You hit the orc. You grab the orc. You squeeze the orc.
You kill the orc!
You see here a +0 war axe.
g - a scroll labelled UCRAICK CIMUTZ
h - a scroll labelled FEKHAE MANLUO A malevolent force fills the Dungeon...
With a horrendous wail, an alarm goes off!
A sentinel's mark forms upon you.
You hear an angry hiss.
You hear a shout!
Found 10 gold pieces.
You see here a +0 war axe.
An iguana comes into view.
A hound comes into view.
The hound attacks as it pursues you! The hound barely misses you.
The hound bites you.
The sentinel's mark upon you fades away.
A white imp comes into view.
The white imp gestures at you. The puff of frost hits you!
The hound barely misses you. The white imp gestures at you.
The puff of frost hits you!
You die...

#.# #.... #.### ##...
##...#### ##).##
#.......###...#
##.##.........##
#..######.l...##
####.## ###....##
...##..h.# #.....#
.......@.### ##.h#...
.######....####
#..#....
#........###.......
#.................#
#.......5....##..)##
.....#.......####....
....####......# ##...
....# #.....## #...
...# ##....# #...


You could see a hound and a white imp.

Vanquished Creatures
  A shadow imp (D:5)
  An orc (D:5)
  A quokka (D:5)
3 creatures vanquished.

Notes
Turn   | Place    | Note
-------+----------+-------------------------------------------
     0 | D:5      | RancidPinata the Octopode Delver began the quest for the
                  | Orb.
     0 | D:5      | Reached XP level 1. HP: 16/16 MP: 1/1
     3 | D:6      | Noticed a hound
    39 | D:5      | Found a staircase to the Ecumenical Temple.
    50 | D:5      | Reached XP level 2. HP: 21/21 MP: 2/2
    59 | Temple   | Entered the Ecumenical Temple
   119 | Temple   | Became a worshipper of Ru the Awakened
   285 | D:5      | Killed from afar by a white imp

Illustrated notes

Levels and vault maps discovered:
D:5:      layout_layer_cave, minmay_temple_entry_junction_2
D:6:      layout_loops_corners, yredelemnul_altar_generic, kennysheep_mini,
          uniq_sigmund
Temple:   regret_index_temple_generic_petals

Action                     || total
---------------------------++-------
  Melee: Short sword       ||     5
         Constrict         ||     3
         Tentacles         ||     3
   Stab: Distracted        ||     1
 Armour: Skin              ||     4
  Dodge: Dodged            ||     3
